 Dungeon Crawl Stone Soup version 0.27-a0-797-g27d10ad80f (webtiles) character file.

Game seed: 3340841844083293013

67 polve the Unweaver (level 4, 0/35 HPs)
             Began as a Demonspawn Abyssal Knight on Mar 27, 2021.
             Was a Follower of Lugonu.
             Slain by a goblin
             ... wielding a +0 club
             ... led by Robin
              (4 damage)
             ... on level 2 of the Dungeon.
             The game lasted 00:00:57 (1268 turns).

polve the Unweaver (Demonspawn Abyssal Knight)      Turns: 1268, Time: 00:00:58

Health: 0/35       AC:  4    Str: 13    XL:     4   Next: 0%
Magic:  7/7        EV: 11    Int: 14    God:    Lugonu [*.....]
Gold:   24         SH:  0    Dex: 12    Spells: 3/3 levels left

rFire    . . .     SeeInvis .   e - +1 whip (elec)
rCold    . . .     Faith    .   (no shield)
rNeg     . . .     Spirit   .   b - +0 leather armour
rPois    .         Reflect  .   (no helmet)
rElec    .         Harm     .   (no cloak)
rCorr    .         Rampage  .   c - +0 pair of gloves
Will     .....                  (no boots)
Stlth    +.........             (no amulet)
HPRegen  0.11/turn              (no ring)
MPRegen  0.10/turn              (no ring)

@: no status effects
A: hooves 1, demonic guardian 1
a: Renounce Religion, Depart the Abyss


You were on level 2 of the Dungeon.
You worshipped Lugonu.
Lugonu was aware of your devotion.
You visited 1 branch of the dungeon, and saw 2 of its levels.
You visited the Abyss 1 time.

You collected 24 gold pieces.

Inventory:

Hand Weapons
 a - a +1 falchion
 e - a +1 whip of electrocution (weapon)
Armour
 b - a +0 leather armour (worn)
 c - a +0 pair of gloves (worn)
 g - a +0 helmet
Jewellery
 i - a ring of positive energy
Scrolls
 d - a scroll of enchant weapon {unknown}
 h - a scroll of vulnerability {unknown}
Potions
 f - a potion of magic {unknown}


   Skills:
 - Level 3.0 Fighting
 - Level 2.7 Long Blades
 - Level 1.7 Armour
 - Level 0.8 Dodging
 + Level 4.7 Invocations


You had 3 spell levels left.
You didn't know any spells.
Your spell library contained the following spells:

 Spells                   Type           Power      Damage    Failure   Level
 Confusing Touch          Hex            0%         N/A       73%         3
 Gell's Gravitas          Tloc           0%         N/A       73%         3
 Petrify                  Tmut/Erth      0%         N/A       98%         4
 Metabolic Englaciation   Hex/Ice        0%         N/A       100%        5
 Yara's Violent Unravell  Hex/Tmut       0%         3d3       100%        5


Dungeon Overview and Level Annotations

Branches:
Dungeon (2/15)

Altars:
Ashenzari

Annotations:
D:2 Robin


Innate Abilities, Weirdness & Mutations

You have large cloven feet.
A weak demonic guardian rushes to your aid.


Message History

A goblin comes into view. It is wielding a +0 club.
A hobgoblin comes into view.
The goblin shouts!
You whack the goblin! Lightning courses through the goblin!
You kill the goblin!
Lugonu accepts your kill.
You hear a shout!
Robin throws the goblin at you!
A goblin comes into view. It is wielding a +0 club.
A goblin comes into view. It is wielding a +0 dagger.
The goblin hits you with a +0 club.
The goblin shouts!
You closely miss the goblin. The hobgoblin hits you.
A demonic guardian appears!
The goblin hits you but does no damage.
You are too injured to fight recklessly!
The goblin closely misses you.
Your shadow imp closely misses the goblin.
Robin throws the goblin at you! The goblin hits you but does no damage.
The goblin hits you with a +0 club!
Your shadow imp closely misses the goblin.
You hit the goblin. Lightning courses through the goblin!
You kill the goblin!
Lugonu accepts your kill. Robin throws the goblin at you!
The hobgoblin closely misses you. The goblin hits you with a +0 club.
* * * LOW HITPOINT WARNING * * *
The goblin hits you but does no damage.
Your shadow imp gestures at the goblin.
The goblin writhes in agony!
The goblin dies!
Lugonu accepts your kill.
Robin roars a battlecry!
The goblins go into a battle-frenzy!
You have reached level 4!
You feel stronger. The goblin closely misses you.
Your shadow imp hits the hobgoblin.
Robin throws the goblin at you! The hobgoblin hits your shadow imp.
The hobgoblin no longer looks unusually strong.
The goblin hits you with a +0 club.
You die...

#... # #... ## .#
#... . .. #...
.#.#.# #...
###.....#
#...#####†g.....#
####...g...g)##
.......@gg.)5.#...
.........).?..$....
.....###'###..#....
######.....####.##..
#.......# . .
#.......# #
#..._...# #.......#
#.......#


You could see Robin, 2 hobgoblins, 2 goblins and a friendly shadow imp
(summoned).

Vanquished Creatures
  Terence (D:2)
  A worm (D:2)
  An endoplasm (D:1)
  A giant cockroach (D:1)
  9 goblins
  6 hobgoblins
  6 jackals (D:1)
  3 bats (D:1)
  A frilled lizard (D:2)
  2 kobolds (D:1)
  2 rats (D:1)
33 creatures vanquished.

Vanquished Creatures (collateral kills)
  A goblin (D:2)
1 creature vanquished.

Grand Total: 34 creatures vanquished

Notes
Turn   | Place    | Note
-------+----------+-------------------------------------------
     0 | Abyss:1  | polve the Demonspawn Abyssal Knight began the quest for the
                  | Orb.
     0 | Abyss:1  | Reached XP level 1. HP: 18/18 MP: 2/2
    50 | Abyss:1  | Noticed a thrashing horror
    51 | D:1      | Escaped the Abyss
   296 | D:1      | Reached * piety under Lugonu
   345 | D:1      | Gained mutation: You have large cloven feet. [demonic
                  | ancestry]
   345 | D:1      | Reached XP level 2. HP: 24/24 MP: 3/3
   596 | D:1      | Reached skill level 3 in Invocations
  1065 | D:2      | Gained mutation: A weak demonic guardian rushes to your
                  | aid. [demonic ancestry]
  1065 | D:2      | Reached XP level 3. HP: 29/29 MP: 5/5
  1107 | D:2      | Found a broken altar of Ashenzari.
  1107 | D:2      | Noticed Terence
  1111 | D:2      | Killed Terence
  1112 | D:2      | Reached skill level 4 in Invocations
  1254 | D:2      | Noticed Robin
  1266 | D:2      | Reached XP level 4. HP: 4/35 MP: 7/7
  1268 | D:2      | Slain by a goblin

Illustrated notes

Levels and vault maps discovered:
D:1:      ncdulo_watergridlock, layout_loops_cross
D:2:      layout_loops_cross, kennysheep_flooded_box, uniq_terence, uniq_robin

Skill      XL: |  1  2  3 |
---------------+----------+-----
Long Blades    | 2 |  2.7
Invocations    | 3 4 |  4.7
Fighting       | |  3.0
Armour         | |  1.7
Dodging        | |  0.8

Action                   |  1- 3 |  4- 6 || total
-------------------------+-------+-------++-------
Melee: Falchion          |    24 |       ||    24
       Whip              |    61 |       ||    61
       Kick              |    10 |       ||    10
Invok: Depart the Abyss  |     1 |       ||     1
Armor: Leather armour    |    18 |     1 ||    19
Dodge: Dodged            |    65 |     1 ||    66
       Rpst.: Falchion   |     8 |       ||     8

Table legend: (Time is in decaauts)
 A = Elapsed time spent in this place.
 B = Non-inter-level travel time spent in this place.
 C = Inter-level travel time spent in this place.
 D = Time resting spent in this place.
 E = Time spent auto-exploring this place.
 F = Levels seen in this place.
 G = Mean time per level.
                   A        B        C        D        E       F      G
               +--------+--------+--------+--------+--------+-----+--------+
         Total |   1278 |   1257 |     21 |      0 |   1069 |   3 |  426.0 |
       Dungeon |   1227 |   1206 |     21 |      0 |   1020 |   2 |  613.5 |
         Abyss |     51 |     51 |      0 |      0 |     49 |   1 |   51.0 |
               +--------+--------+--------+--------+--------+-----+--------+

Top non-repeatable levels by time:
     D:1: 1007 daAuts
     D:2: 219 daAuts
 Abyss:1: 51 daAuts
